 Dungeon Crawl Stone Soup version 0.31-a0-844-gdc52ec4e09 (webtiles) character file.

Game seed: 3310145957496691618

175 LeprechaunX the Changeling (level 5, -1/35 HPs)
             Began as an Octopode Shapeshifter on Sept 28, 2023.
             Slain by a gnoll
             ... wielding a +0 flail
              (11 damage)
             ... on level 4 of the Dungeon.
             The game lasted 00:03:12 (2658 turns).

LeprechaunX the Changeling (Octopode Shapeshifter)  Turns: 2658, Time: 00:03:13

Health: -1/35      AC:  1    Str: 16    XL:     5   Next: 55%
Magic:  5/5        EV: 13    Int: 18    God:
Gold:   216        SH:  0    Dex: 11    Spells: 4/4 levels left

rFire   . . .        u - +2 flail (protect)
rCold   . . .        (no shield)
rNeg    . . .        (helmet currently unavailable)
rPois   .            (no amulet)
rElec   .            o - ring of resist corrosion
rCorr   +            q - +6 ring of intelligence
SInv    .            (no ring)
Will    .....        (no ring)
Stlth   ++           (no ring)
HPRegen 0.25/turn    (no ring)
MPRegen 0.09/turn    (no ring)
                     (no ring)

%: no passive effects
@: beast-form
A: beast (slay +2), almost no armour, amphibious, 8 rings, camouflage 1,
gelatinous body 1, (nimble swimmer 1), tentacles
a: Begin Untransformation


You were on level 4 of the Dungeon.
You were a hulking beast.
You visited 1 branch of the dungeon, and saw 4 of its levels.

You collected 216 gold pieces.

Inventory:

Hand Weapons
 u - a +2 flail of protection (weapon)
Missiles
 i - 5 boomerangs (quivered)
Jewellery
 o - a ring of resist corrosion (left tentacle)
 q - a +6 ring of intelligence (right tentacle)
Talismans
 b - a beast talisman (active)
 c - a flux talisman
Scrolls
 h - 3 scrolls of fog {unknown}
 j - a scroll of revelation {unknown}
 k - a scroll of acquirement {unknown}
 l - a scroll of torment {unknown}
 m - 2 scrolls of identify {unknown}
 p - a scroll of enchant weapon {unknown}
 r - a scroll of blinking {unknown}
 t - 3 scrolls of immolation {unknown}
Potions
 a - a potion of lignification
 d - a potion of degeneration {unknown}
 e - a potion of invisibility {unknown}
 f - 3 potions of mutation {unknown}
 g - a potion of ambrosia {unknown}
 n - 3 potions of curing {unknown}
 s - a potion of enlightenment {unknown}


   Skills:
 + Level 2.3 Fighting
 + Level 3.0 Dodging
 + Level 3.7 Unarmed Combat
 * Level 4.2 Shapeshifting


You had 4 spell levels left.
You didn't know any spells.
Your spell library contained the following spells:

 Spells                   Type           Power      Damage    Failure   Level
 Sublimation of Blood     Necr           0%         N/A       32%         2
 Wereblood                Tmut           0%         N/A       32%         2
 Passage of Golubria      Tloc           0%         N/A       91%         4
 Silence                  Hex/Air        0%         N/A       99%         5
 Summon Hydra             Summ           0%         N/A       100%        7
 Lehudib's Crystal Spear  Conj/Erth      0%         10d2      100%        8


Dungeon Overview and Level Annotations

Branches:
Dungeon (4/15)
 Temple: D:4-7

Altars:

Shops:
D:2 :


Innate Abilities, Weirdness & Mutations

You are a hulking beast.
Your limbs bulge with bestial killing power. (Slay +2)
You cannot wear most types of armour.
You are amphibious.
You can wear up to eight rings at the same time.
Your skin changes colour to match your surroundings (Stealth+).
Your rubbery body absorbs attacks. (AC +1, EV +1)
((You are camouflaged when in or above water. (Stealth+)))
You have tentacles for arms and can constrict up to eight enemies at once.


Message History

You kill the gnoll!
A gnoll comes into view. It is wielding a +0 flail.
You see here a +2 flail of protection.
u - a +2 flail of protection Your +2 flail of protection hums with potential!
u - a +2 flail of protection (weapon)
Found a fuming red potion.
A gnoll comes into view. It is wielding a +0 halberd.
A gnoll comes into view. It is wielding a +0 whip.
The gnoll shouts! 2 orcs come into view.
Found a stone staircase leading up.
The orc shouts!
The gnoll shouts!
You hear an angry hiss.
A phantom comes into view.
The gnoll shouts!
You hear a shout! x2
An orc comes into view. It is wielding a +0 dagger.
An orc comes into view. It is wielding a +0 mace.
The gnoll throws a throwing net.
The throwing net closely misses you.
The orc shouts!
The gnoll barely misses you.
An adder comes into view.
You sock the gnoll!
Your weapon exudes an aura of protection.
You grab the gnoll.
The gnoll is severely wounded.
You constrict the gnoll.
The gnoll throws a throwing net.
The throwing net barely misses you. The gnoll barely misses you.
The gnoll hits you with a +0 flail. The orc hits you but does no damage.
The gnoll hits you but does no damage.
You release your grip on the gnoll.
The gnoll hits you from afar with a +0 halberd!
The gnoll barely misses you. The orc attacks as it pursues you!
The orc barely misses you. The adder bites you.
The adder attacks as it pursues you! The adder bites you.
* * * LOW HITPOINT WARNING * * *
The gnoll attacks as it pursues you! The gnoll closely misses you.
The gnoll attacks as it pursues you! The gnoll barely misses you.
The gnoll attacks as it pursues you! The gnoll hits you with a +0 flail!
You die...

< #...#....# .. #
.......##.
.!.#.#.........
#....#.........
#(..oo....+ ..
#.##.go##.# #.....
##...og....#
#......##..#.Sg....#
............(h#....#
.....#...#.#.##...#
..........#.# ...#
#.#.#...##.##...#
#...........##..+
##.....##.##.#....
#.....<##.# .......
#.....###.# #....
##.....# #.# ......


You could see 3 gnolls, an adder and 4 orcs.

Vanquished Creatures
  A hound (D:3)
  Terence (D:3)
  A gnoll (D:4)
  4 adders
  A worm (D:3)
  3 dart slugs
  An orc (D:3)
  3 ball pythons
  5 endoplasms
  A giant cockroach (D:3)
  4 goblins (D:1)
  6 hobgoblins
  10 jackals
  5 kobolds
  5 quokkas
  5 bats
  3 frilled lizards
  2 rats (D:1)
61 creatures vanquished.

Notes
Turn   | Place    | Note
-------+----------+-------------------------------------------
     0 | D:1      | LeprechaunX the Octopode Shapeshifter began the quest for
                  | the Orb.
     0 | D:1      | Reached XP level 1. HP: 13/13 MP: 1/1
    89 | D:1      | Reached XP level 2. HP: 9/18 MP: 2/2
   381 | D:1      | Reached XP level 3. HP: 23/23 MP: 3/3
   413 | D:1      | Found a faded altar of an unknown god.
   684 | D:2      | Found Dism's Book Boutique.
  1192 | D:2      | Reached XP level 4. HP: 22/29 MP: 4/4
  1850 | D:3      | Noticed Terence
  1863 | D:3      | Killed Terence
  1864 | D:3      | Reached skill level 4 in Shapeshifting
  1868 | D:3      | Reached XP level 5. HP: 10/34 MP: 5/5
  2651 | D:4      | Noticed a phantom
  2658 | D:4      | Slain by a gnoll

Illustrated notes

Levels and vault maps discovered:
D:1:      spicycebolla_arrival_risky_transporter, layout_basic,
          hellmonk_ecumenical_altar_pennies_from_heaven
D:2:      layout_loops_cross, serial_shops, nicolae_diamond_shop, serial_forest,
          infiniplex_forest_end_2, infiniplex_forest_corner_1,
          infiniplex_forest_end_3, infiniplex_forest_fountain,
          infiniplex_forest_end_3, infiniplex_forest_side_room,
          infiniplex_forest_straight_3, infiniplex_forest_straight_5,
          infiniplex_forest_clump_C
D:3:      layout_loops_ring, nrook_loot_triangle, minmay_vboxes, uniq_terence
D:4:      layout_rooms, nicolae_ru_great_annihilating_truth,
          minmay_temple_entry_drinking_statues, nicolae_ossuary_entry_monument,
          minmay_checkerbox

Skill      XL: |  1  2  3  4  5 |
---------------+----------------+-----
Fighting       | 2 |  2.3
Shapeshifting  | 4 |  4.2
Dodging        | 3 |  3.0
Unarmed Combat | |  3.7

Action                     |  1- 3 |  4- 6 || total
---------------------------+-------+-------++-------
  Melee: Unarmed           |    55 |    53 ||   108
         Constrict         |    13 |    14 ||    27
         Tentacles         |     9 |    13 ||    22
         Punch             |     2 |     3 ||     5
         Flail             |       |     1 ||     1
  Throw: Boomerang         |       |     3 ||     3
   Stab: Sleeping          |     7 |     1 ||     8
 Armour: Skin              |    23 |    27 ||    50
  Dodge: Dodged            |    30 |    34 ||    64

Table legend: (Time is in decaauts)
 A = Elapsed time spent in this place.
 B = Non-inter-level travel time spent in this place.
 C = Inter-level travel time spent in this place.
 D = Time resting spent in this place.
 E = Time spent auto-exploring this place.
 F = Levels seen in this place.
 G = Mean time per level.
                   A        B        C        D        E       F      G
               +--------+--------+--------+--------+--------+-----+--------+
         Total |   2649 |   2551 |     98 |      2 |   2207 |   4 |  662.2 |
       Dungeon |   2649 |   2551 |     98 |      2 |   2207 |   4 |  662.2 |
               +--------+--------+--------+--------+--------+-----+--------+

Top non-repeatable levels by time:
     D:3: 1071 daAuts
     D:2: 841 daAuts
     D:1: 666 daAuts
     D:4: 70 daAuts
